 Dungeon Crawl Stone Soup version 0.28-a0-811-g00180f5fcc (webtiles) character file.

Game seed: 961100974881040871

51792 BlueGoblin the Nimble (level 15, 0/111 HPs)
             Began as a Djinni Conjurer on Nov 7, 2021.
             Was a High Priest of Makhleb.
             Blown up by an orb spider (58 damage)
             ... with an orb of destruction
             ... on level 2 of the Spider Nest on Nov 8, 2021.
             The game lasted 00:57:49 (18938 turns).

BlueGoblin the Nimble (Djinni Conjurer)            Turns: 18938, Time: 00:57:49

Health: 0/111      AC:  9    Str:  6    XL:     15   Next: 3%
Gold:   1106       EV: 17    Int: 27    God:    Makhleb [*****.] SH:  5 Dex: 14

rFire   + . .      SeeInvis +   u - +2 dagger (drain)
rCold   . . .      Faith    .   J - +0 buckler "Garocios" {rF- rCorr Dex+3 SInv}
rNeg    . . .      Spirit   .   L - +1 troll leather armour
rPois   ∞          Reflect  .   H - +2 helmet
rElec   +          Harm     .   b - +1 cloak
rCorr   +          Rampage  .   (no gloves)
Will    ++...                   (boots unavailable)
Stlth   ++........              e - amulet of regeneration
HPRegen 2.28/turn               f - ring of protection from cold
MPRegen 0.00/turn               n - ring of willpower

@: corroded, spewing sludge, flying
A: sickness immunity, fire resistance 2, cold vulnerability 1, float, innate
caster, hp casting, extra vitality 1, iridescent scales 1, electricity
resistance, MP-powered wands
a: Renounce Religion, Minor Destruction, Lesser Servant of Makhleb, Major
Destruction, Greater Servant of Makhleb


You were on level 2 of the Spider Nest.
You worshipped Makhleb.
Makhleb was extremely pleased with you.
You visited 4 branches of the dungeon, and saw 19 of its levels.
You also visited: Ossuary.

You collected 2351 gold pieces.
You spent 1245 gold pieces at shops.

Inventory:

Hand Weapons
 h - a +1 dagger of flaming
 k - a +0 dagger of venom
 u - a +2 dagger of draining (weapon)
 B - a +2 spectral quarterstaff
Missiles
 E - a throwing net
Armour
 b - a +1 cloak (worn)
 d - a +0 buckler
 v - a +0 leather armour of cold resistance
 H - a +2 helmet (worn)
 J - the +0 buckler "Garocios" (worn) {rF- rCorr Dex+3 SInv}
   (You acquired it on level 4 of the Lair of Beasts)

   Dex:       It affects your dexterity (+3).
   rF:        It makes you vulnerable to fire.
   SInv:      It lets you see invisible.
   rCorr:     It protects you from acid and corrosion.
 L - a +1 troll leather armour (worn)
Magical Staves
 F - a staff of air
Jewellery
 e - an amulet of regeneration (around neck)
 f - a ring of protection from cold (left hand)
 n - a ring of willpower (right hand)
 p - an amulet of the acrobat
 K - a ring of see invisible
 P - a ring of ice
 R - a ring of protection from cold
 U - a +4 ring of evasion
 V - a +4 ring of evasion
Wands
 a - a wand of iceblast (2)
 q - a wand of flame (34)
 O - a wand of charming (16)
 T - a wand of paralysis (8)
Scrolls
 c - 2 scrolls of magic mapping
 i - 5 scrolls of fear
 m - 3 scrolls of vulnerability
 o - a scroll of enchant armour
 y - 3 scrolls of teleportation
 A - 2 scrolls of enchant weapon
 C - a scroll of brand weapon
 I - 2 scrolls of blinking
 N - 8 scrolls of identify
 Q - a scroll of holy word
 W - a scroll of acquirement
Potions
 g - 3 potions of haste
 j - 6 potions of brilliance
 l - 4 potions of resistance
 r - 4 potions of flight {unknown}
 s - 2 potions of invisibility
 t - 3 potions of magic
 w - 3 potions of lignification
 x - 4 potions of mutation
 z - 6 potions of heal wounds {unknown}
 D - 3 potions of might {unknown}
 G - 3 potions of attraction {unknown}
 M - 4 potions of curing
Miscellaneous
 S - a condenser vane


   Skills:
 + Level 11.2 Fighting
 + Level 7.2 Armour
 + Level 13.6 Dodging
 - Level 1.5 Stealth
 + Level 5.6 Shields
 + Level 13.5 Spellcasting


You had 4 spell levels left.
You knew the following spells:

 Your Spells              Type           Power      Damage    Failure   Level
a - Summon Lightning Spi  Summ/Air       74%        N/A       1%          4
b - Passwall              Tmut/Erth      61%        N/A       1%          2
c - Dazzling Flash        Conj/Hex       100%       N/A       1%          3
d - Iskenderun's Battles  Conj           74%        2d12      1%          5
e - Iskenderun's Mystic   Conj/Tloc      74%        2d15      1%          4
f - Apportation           Tloc           100%       N/A       1%          1
g - Magic Dart            Conj           100%       1d8       1%          1
h - Fulminant Prism       Conj/Hex       37%        3d18      1%          4
i - Searing Ray           Conj           100%       2d8       1%          2
q - Wereblood             Tmut           74%        N/A       1%          2
s - Mephitic Cloud        Conj/Pois/Air  74%        N/A       1%          3
x - Eringya's Noxious Bo  Tmut/Pois      37%        N/A       2%          6
Your spell library was empty.

Dungeon Overview and Level Annotations

Branches:
Dungeon (10/15)            Temple (1/1) D:6            Lair (6/6) D:10
 Shoals (0/4) Lair:3       Spider (2/4) Lair:4        Slime (0/5) Lair:5
Ossuary (visited)
    Orc: D:9-12

Altars:
Ashenzari
Cheibriados
Dithmenos
Elyvilon
Fedhas
Gozag
Hepliaklqana
Kikubaaqudgha
Makhleb
Nemelex Xobeh
Okawaru
Qazlal
Ru
Sif Muna
Trog
Uskayaw
Vehumet
Wu Jian
Xom
Yredelemnul
Zin
The Shining One
Jiyva

Shops:
D:1 ?[==   D:5 [   D:6 *

Annotations:
D:10 1 runed translucent door, Cercoroba's ghost, novice TrFi
Lair:2 1 runed translucent door, Qoaguegg's ghost, journeyman HOMo


Innate Abilities, Weirdness & Mutations

You are immune to sickness and miasma.
You are immune to poison.
Your flesh is very heat resistant. (rF++)
You are vulnerable to cold. (rC-)
You float through the air rather than walking.
You learn spells naturally, not from books.
Your magical power is your life essence.
You have superior vitality. (+4 HP)
You are partially covered in iridescent scales. (AC +2)
You are resistant to electric shocks. (rElec)
You expend health (3 HP) to strengthen your wands.


Message History

The jumping spider looks as sick as possible!
The jumping spider dies!
The redback festers in the toxic bog!
The redback looks as sick as possible!
The demonic crawler festers in the toxic bog.
The demonic crawler looks as sick as possible!
The demonic crawler becomes momentarily stuck in the toxic bog.
The demonic crawler hits you!
The demonic crawler hits you but does no damage.
The orb spider festers in the toxic bog!
The orb spider looks as sick as possible!
The orb spider weaves a glowing orb of energy.
A meliai comes into view. It is wielding a +0 hand axe.
An orb of destruction comes into view.
The jumping spider festers in the toxic bog!
The jumping spider looks as sick as possible!
The redback festers in the toxic bog!
The redback looks as sick as possible!
The redback dies!
The demonic crawler festers in the toxic bog.
The demonic crawler looks as sick as possible!
The demonic crawler barely misses you.
The demonic crawler completely misses you.
You block the demonic crawler's attack.
The tarantella festers in the toxic bog!
The tarantella looks as sick as possible!
Casting: Eringya's Noxious Bog (dangerous; 2% risk of failure)
Confirm with . or Enter, or press ? or * to list all spells.
You erupt in a blast of force!
The mystic blast hits the demonic crawler!
The demonic crawler is severely wounded.
The demonic crawler is knocked back by the mystic blast.
The mystic blast hits the jumping spider!!
You kill the jumping spider!
Makhleb accepts your kill.
You feel better.
You hear a hideous shriek!
You hear an angry hiss.
You hear an angry buzzing noise.
You hear an angry hiss.
You hear a hideous shriek!
The orb of destruction hits you!!!
Ouch! That really hurt!
You die...

.... .#..........
....##.#.......<.
.......#.y.......
......#..........
..s≈≈..y≈≈≈≈.....
.#.≈≈≈†≈s≈s≈.....
...≈≈≈≈≈≈≈○≈.....
...≈≈≈≈≈○°≈......
...≈≈†≈@≈†s.#....
...≈≈≈≈≈†≈≈.....#
...≈≈≈≈≈≈≈≈†.....
...≈≈$†≈≈≈≈≈.....
...≈≈≈≈≈≈........
..........#.#....
.......[....^....
........>...#....
.........#. ..


You could see a demonic crawler (extremely poisoned), an orb spider (extremely
poisoned), a tarantella (extremely poisoned), a redback and 2 meliai.

Vanquished Creatures
  Snorg (D:10)
  A boulder beetle (Lair:3)
  A hydra (Lair:4)
  2 wolf spiders (Spider:1)
  A cyclops (D:7)
  Maurice (D:8)
  6 elephants
  A moth of wrath (Spider:1)
  3 black mambas
  Joseph (D:7)
  A gargoyle (D:10)
  11 cane toads
  A torpor snail (Lair:5)
  Maggie (D:8)
  A komodo dragon (Lair:1)
  3 kobold demonologists
  4 rime drakes
  3 trolls
  A jumping spider (Spider:2)
  2 polar bears (Lair:6)
  3 blink frogs (Lair:4)
  A hornet (D:8)
  Grinder (D:6)
  2 spriggans (Lair:6)
  A vampire (D:9)
  3 redbacks (Spider:1)
  A shadow (D:8)
  2 wyverns (Lair:4)
  20 yaks
  Eustachio (D:5)
  3 basilisks
  4 steam dragons
  Menkaure (Ossuary)
  9 water moccasins
  5 orc warriors
  A sky beast (D:6)
  6 centaurs
  3 ogres
  A boggart (Lair:6)
  13 wolves
  A phantom (D:6)
  A kobold brigand (D:9)
  6 bullfrogs
  A gnoll sergeant (D:9)
  4 scorpions
  A water moccasin zombie (D:5)
  6 killer bees (D:9)
  An electric eel (Spider:1)
  3 howler monkeys
  3 orc priests
  3 centaur zombies
  5 hounds
  2 jellies
  2 centaur skeletons
  6 orc wizards
  4 hell rats (Lair:6)
  3 iguanas
  A hound skeleton (D:4)
  3 mummies (Ossuary)
  A howler monkey zombie (D:6)
  9 gnolls
  8 adders
  2 shadow imps
  3 white imps
  An adder skeleton (D:4)
  4 worms
  The ghost of fly the Sneak, a weakling FoDe (D:3)
  2 dart slugs
  28 orcs
  8 ball pythons
  3 bats
  7 endoplasms
  3 giant cockroaches
  3 gnoll zombies (Ossuary)
  4 goblins
  3 hobgoblins
  10 kobolds
  3 quokkas
  A frilled lizard (D:1)
  7 gnoll skeletons (Ossuary)
  3 goblin skeletons (Ossuary)
  8 goblin zombies
  4 hobgoblin skeletons (Ossuary)
  3 hobgoblin zombies (Ossuary)
  7 kobold skeletons (Ossuary)
  7 kobold zombies (Ossuary)
  2 orc skeletons (Ossuary)
  3 orc zombies (Ossuary)
  3 rats
  2 rat skeletons (Ossuary)
  3 rat zombies
339 creatures vanquished.

Vanquished Creatures (collateral kills)
  Fannar (D:10)
  4 hydras
  A catoblepas (Lair:6)
  An anaconda (Lair:4)
  A death yak (Lair:2)
  Urug (Lair:6)
  3 elephants (Lair:6)
  A torpor snail (Lair:2)
  4 black mambas
  8 cane toads
  3 komodo dragons (Lair:6)
  A polar bear (Lair:6)
  5 hornets (Lair:6)
  10 blink frogs
  8 dream sheep (Lair:6)
  A tarantella (Spider:1)
  11 spriggans (Lair:6)
  23 yaks
  2 basilisks
  2 redbacks (Spider:1)
  13 water moccasins
  2 black bears (Lair:6)
  17 wolves
  3 boggarts (Lair:6)
  3 bullfrogs
  A hell rat (Lair:6)
  A worm (Lair:4)
  3 giant cockroaches (Lair:4)
134 creatures vanquished.

Vanquished Creatures (others)
  An entropy weaver (Spider:2)
  6 orb spiders
  3 wolf spiders
  7 jumping spiders
  17 redbacks
  5 tarantellas (Spider:1)
  17 fulminant prisms
  22 fungi
  40 plants
118 creatures vanquished.

Grand Total: 591 creatures vanquished

Notes
Turn   | Place    | Note
-------+----------+-------------------------------------------
     0 | D:1      | BlueGoblin the Djinni Conjurer began the quest for the Orb.
     0 | D:1      | Reached XP level 1. HP: 15/15 MP: 0/0
   187 | D:1      | Found Suck's Jewellery Shop.
   202 | D:1      | Found Buumeogo's Antique Armour Emporium.
   402 | D:1      | Found Pocut's Magic Scroll Boutique.
   649 | D:1      | Found Xyolerej's Jewellery Boutique.
   707 | D:1      | Reached XP level 2. HP: 17/21 MP: 0/0
  1103 | D:2      | Found a basalt altar of Yredelemnul.
  1114 | D:2      | Reached XP level 3. HP: 3/25 MP: 0/0
  1114 | D:2      | Learned a level 1 spell: Apportation
  1425 | D:1      | Reached XP level 4. HP: 4/31 MP: 0/0
  3088 | D:3      | Reached XP level 5. HP: 12/35 MP: 0/0
  3088 | D:3      | Learned a level 2 spell: Wereblood
  3381 | D:3      | Found a runed translucent door.
  3381 | D:3      | Noticed a bullfrog
  4047 | D:3      | Noticed fly's ghost (weakling FoDe)
  4142 | D:3      | Killed a bullfrog
  4143 | D:3      | Reached XP level 6. HP: 7/41 MP: 0/0
  4143 | D:3      | Killed fly's ghost
  4438 | D:4      | Reached skill level 5 in Spellcasting
  4505 | D:4      | Found a sand-covered staircase.
  4532 | Ossuary  | Entered an ossuary
  5000 | Ossuary  | Noticed Menkaure
  5009 | Ossuary  | Killed Menkaure
  5010 | Ossuary  | Reached skill level 1 in Shields
  5010 | Ossuary  | Reached XP level 7. HP: 17/46 MP: 0/0
  5010 | Ossuary  | Learned a level 2 spell: Passwall
  5670 | D:4      | Reached skill level 1 in Fighting
  6409 | D:4      | Identified 2 scrolls of acquirement
  6409 | D:4      | Acquired 395 gold pieces
  6411 | D:4      | Acquired 725 gold pieces
  6607 | D:1      | Bought a runed cloak for 195 gold pieces
  6661 | D:1      | Bought an amulet of regeneration for 420 gold pieces
  6661 | D:1      | Bought a ring of protection from cold for 350 gold pieces
  6762 | D:5      | Entered Level 5 of the Dungeon
  6913 | D:5      | Reached XP level 8. HP: 41/52 MP: 0/0
  7099 | D:5      | Noticed Eustachio
  7168 | D:5      | Killed Eustachio
  7221 | D:5      | Found Geroen's Armour Emporium.
  7535 | D:5      | Gained mutation: You expend health (3 HP) to strengthen
                  | your wands. [potion of mutation]
  7535 | D:5      | Gained mutation: You are partially covered in iridescent
                  | scales. (AC +2) [potion of mutation]
  7535 | D:5      | Gained mutation: You are resistant to electric shocks.
                  | (rElec) [potion of mutation]
  7546 | D:6      | Noticed Grinder
  7561 | D:6      | Reached skill level 5 in Dodging
  7566 | D:6      | Killed Grinder
  7567 | D:6      | Reached XP level 9. HP: 57/58 MP: 0/0
  7567 | D:6      | Learned a level 3 spell: Mephitic Cloud
  7621 | D:6      | Found a bloodstained altar of Trog.
  7798 | D:6      | Found Ohieblurph's General Store.
  7824 | D:6      | Found a staircase to the Ecumenical Temple.
  7874 | Temple   | Entered the Ecumenical Temple
  7997 | Temple   | Became a worshipper of Makhleb the Destroyer
  8153 | D:6      | Found a glowing drain.
  8211 | D:6      | Reached skill level 1 in Armour
  8460 | D:6      | Upgraded the game from 0.28-a0-803-g74956062c1 to
                  | 0.28-a0-811-g00180f5fcc
  8524 | D:6      | Bought a scroll of brand weapon for 280 gold pieces
  8775 | D:7      | Noticed a cyclops
  8806 | D:7      | Killed a cyclops
  8807 | D:7      | Reached XP level 10. HP: 44/67 MP: 0/0
  8818 | D:7      | Reached * piety under Makhleb
  9093 | D:7      | Found a glowing golden altar of the Shining One.
  9430 | D:7      | Noticed Joseph
  9452 | D:7      | Killed Joseph
  9626 | D:8      | Noticed Maggie
  9641 | D:8      | Killed Maggie
  9876 | D:8      | Noticed Maurice
  9885 | D:8      | Killed Maurice
  9960 | D:8      | Found a shimmering altar of Xom.
 10098 | D:9      | Reached skill level 5 in Fighting
 10140 | D:9      | Reached XP level 11. HP: 51/75 MP: 0/0
 10140 | D:9      | Learned a level 4 spell: Summon Lightning Spire
 10418 | D:9      | Reached ** piety under Makhleb
 10419 | D:9      | Reached skill level 10 in Spellcasting
 10479 | D:9      | Found a stormy altar of Qazlal.
 10501 | D:9      | Reached skill level 5 in Armour
 10749 | D:9      | Found a blossoming altar of Fedhas.
 11061 | D:10     | Entered Level 10 of the Dungeon
 11061 | D:10     | Noticed Fannar
 11081 | D:10     | Killed Fannar
 11103 | D:10     | Found a runed translucent door.
 11103 | D:10     | Noticed Cercoroba's ghost (novice TrFi)
 11228 | D:10     | Found a staircase to the Lair.
 11290 | D:10     | Noticed Snorg
 11333 | D:10     | Killed Snorg
 12145 | Lair:1   | Entered Level 1 of the Lair of Beasts
 12173 | Lair:1   | Reached XP level 12. HP: 45/84 MP: 0/0
 12556 | Lair:1   | Reached skill level 10 in Dodging
 12998 | Lair:2   | Reached *** piety under Makhleb
 13037 | Lair:2   | Noticed a death yak
 13051 | Lair:2   | Killed a death yak
 13334 | Lair:2   | Found a runed translucent door.
 13336 | Lair:2   | Noticed Qoaguegg's ghost (journeyman HOMo)
 13337 | Lair:2   | Identified the +10 spear "Killer Bee's Curse" {flame, Drain
                  | rElec rPois Dex-2}
 13337 | Lair:2   | Noticed a spriggan rider
 14433 | Lair:3   | Found a staircase to the Shoals.
 14552 | Lair:3   | Reached XP level 13. HP: 86/94 MP: 0/0
 14552 | Lair:3   | Learned a level 5 spell: Iskenderun's Battlesphere
 14593 | Lair:3   | Noticed a boulder beetle
 14612 | Lair:3   | Killed a boulder beetle
 14804 | Lair:4   | Noticed a seven-headed hydra
 14838 | Lair:4   | Killed a seven-headed hydra
 14947 | Lair:4   | Noticed an anaconda
 14953 | Lair:4   | Killed an anaconda
 15131 | Lair:4   | Reached **** piety under Makhleb
 15135 | Lair:4   | Found a hole to the Spider Nest.
 15812 | Lair:4   | Acquired the +0 buckler "Garocios" {rF- rCorr Dex+3 SInv}
 15872 | Lair:5   | Noticed a four-headed hydra
 15884 | Lair:5   | Killed a four-headed hydra
 15885 | Lair:5   | Reached skill level 10 in Fighting
 15974 | Lair:5   | Found a dark tunnel.
 16261 | Lair:5   | Found a viscous altar of Jiyva.
 16261 | Lair:5   | Found a staircase to the Slime Pits.
 16325 | Lair:5   | Noticed a seven-headed hydra
 16332 | Lair:5   | Killed a seven-headed hydra
 16402 | Lair:5   | Reached XP level 14. HP: 103/103 MP: 0/0
 16818 | Lair:6   | Entered Level 6 of the Lair of Beasts
 16824 | Lair:6   | Noticed Urug
 16854 | Lair:6   | Reached ***** piety under Makhleb
 16855 | Lair:6   | Killed Urug
 17608 | Lair:6   | Reached skill level 5 in Shields
 18349 | Spider:1 | Entered Level 1 of the Spider Nest
 18370 | Spider:1 | Reached XP level 15. HP: 110/110 MP: 0/0
 18370 | Spider:1 | Learned a level 6 spell: Eringya's Noxious Bog
 18938 | Spider:2 | Blown up by an orb spider

Illustrated notes

Levels and vault maps discovered:
D:1:      dpeg_arrival_snail, layout_basic, serial_shops,
          nicolae_lakefront_shop, nicolae_shop_window_shopping,
          nicolae_shop_window_shopping, nicolae_shop_stone,
          minmay_misc_feat_more_columns
D:2:      layout_loops_ring, basic_altar, minmay_tall_x
D:3:      layout_loops_cross, nicolae_vehumet_radiance, ebering_ghost_sewer_d,
          minmay_misc_feat_alley
D:4:      minmay_door_path, layout_basic, enter_ossuary_4
D:5:      layout_cave_pools, serial_shops, nicolae_shop_trees,
          kennysheep_generic_room_5, uniq_eustachio
D:6:      layout_basic, mainiacjoe_overflow_alcove_1,
          minmay_temple_entry_enclosed_plants, serial_shops, shop,
          portal_sewer_entry_d, uniq_grinder, uniq_menkaure
D:7:      layout_basic, nicolae_tso_carved_into_rock, kennysheep_small_circle,
          uniq_joseph
D:8:      layout_rooms, old_standard_altar, uniq_maggie, uniq_maurice
D:9:      layout_gridville, lemuel_doored_altar,
          nicolae_qazlal_general_emergency
D:10:     layout_grid_maze, lair_entry_dummy, hellmonk_ghost_big_iron,
          uniq_snorg, uniq_fannar
Temple:   kb_temple_of_zot
Lair:1:   layout_regular_city
Lair:2:   layout_regular_city, ebering_ghost_funeral_grove,
          chequers_serial_rivers_large_b
Lair:3:   layout_cave_pods, elwin_shoals_entry_rocks, fungi_pond_lemuel,
          infiniplex_staircase_pool_2
Lair:4:   beast_lair_carwin_large_3, layout_loops_ring,
          nicolae_spider_entry_non_spiders, minmay_stone_trees_small,
          infiniplex_staircase_pool
Lair:5:   layout_cave_pods, dpeg_slime_entry_enclosed_altar, enter_volcano_1,
          st_stairs_5
Lair:6:   minmay_lair_end_enchanted_forest, layout_cave_pods, uniq_urug
Spider:1: layout_spider_delve
Spider:2: cheibrodos_spider_silkery, gammafunk_ghost_split,
          hangedman_spider_trapstep, uniq_jorgrun, uniq_asterion

Skill      XL: |  1  2  3  4  5  6  7  8  9 10 11 12 13 14 |
---------------+-------------------------------------------+-----
Spellcasting   | 4 5 6 7 8 9 10 11 12 13 | 13.5
Dodging        | 3 4 5 6 7 9 11 12 13 | 13.6
Shields        | 1 2 3 5 |  5.6
Fighting       | 1 2 3 5 6 8 10 11 | 11.2
Armour         | 2 4 5 6 7 |  7.2
Stealth        | |  1.5

Action                   |  1- 3 |  4- 6 |  7- 9 | 10-12 | 13-15 || total
-------------------------+-------+-------+-------+-------+-------++-------
Melee: Unarmed           |     2 |       |       |       |       ||     2
       Dagger            |    15 |     2 |    17 |       |   389 ||   423
       Quarterstaff      |       |       |    33 |   336 |   116 ||   485
 Cast: Magic Dart        |    28 |       |     3 |       |       ||    31
       Searing Ray       |     2 |    58 |    67 |     1 |     1 ||   129
       Wereblood         |       |    17 |    41 |    42 |    35 ||   135
       Iskenderun's Myst |       |       |    10 |     9 |    24 ||    43
       Fulminant Prism   |       |       |     8 |     8 |     1 ||    17
       Summon Lightning  |       |       |       |    22 |    55 ||    77
       Mephitic Cloud    |       |       |       |       |     3 ||     3
       Iskenderun's Batt |       |       |       |       |     2 ||     2
       Eringya's Noxious |       |       |       |       |    11 ||    11
  Use: Potion            |     1 |       |     1 |     3 |       ||     5
       Scroll            |       |       |    21 |     3 |     2 ||    26
 Stab: Distracted        |       |       |       |     3 |     9 ||    12
       Confused          |       |       |       |       |     2 ||     2
Armor: Robe              |     2 |     6 |    54 |       |       ||    62
       Skin              |     9 |       |       |       |       ||     9
       Leather armour    |       |       |    39 |   125 |       ||   164
       Troll leather arm |       |       |       |    57 |   237 ||   294
Dodge: Dodged            |     9 |    35 |   150 |   375 |   621 ||  1190
Block: Buckler           |     2 |     7 |    30 |       |   145 ||   184

Table legend: (Time is in decaauts)
 A = Elapsed time spent in this place.
 B = Non-inter-level travel time spent in this place.
 C = Inter-level travel time spent in this place.
 D = Time resting spent in this place.
 E = Time spent auto-exploring this place.
 F = Levels seen in this place.
 G = Mean time per level.
                   A        B        C        D        E       F      G
               +--------+--------+--------+--------+--------+-----+--------+
         Total |  19113 |  17858 |   1255 |   1640 |  12377 |  20 |  955.7 |
       Dungeon |  11093 |  10267 |    826 |   1158 |   7302 |  10 | 1109.3 |
        Temple |    152 |    104 |     48 |      0 |     92 |   1 |  152.0 |
          Lair |   6293 |   5941 |    352 |     19 |   4366 |   6 | 1048.8 |
   Spider Nest |    588 |    560 |     28 |     18 |    326 |   2 |  294.0 |
       Ossuary |    984 |    984 |      0 |    445 |    291 |   1 |  984.0 |
               +--------+--------+--------+--------+--------+-----+--------+

Top non-repeatable levels by time:
     D:1: 1863 daAuts
  Lair:6: 1481 daAuts
     D:3: 1481 daAuts
     D:2: 1303 daAuts
     D:4: 1201 daAuts
  Lair:4: 1111 daAuts
    D:10: 1098 daAuts
  Lair:5: 1021 daAuts
     D:9: 1012 daAuts
 Ossuary: 984 daAuts
     D:7: 970 daAuts
  Lair:2: 935 daAuts
  Lair:3: 907 daAuts
     D:6: 842 daAuts
  Lair:1: 836 daAuts
